 Dungeon Crawl Stone Soup version 0.32-a0-995-gb4a59205af (webtiles) character file.

Game seed: 9542065551723879623

63 D0namaru the Grave Robber (level 3, 0/24 HPs)
             Began as a Demonspawn Necromancer on Apr 23, 2024.
             Slain by a water moccasin skeleton (1 damage)
             ... on level 3 of the Dungeon.
             The game lasted 00:02:33 (2407 turns).

D0namaru the Grave Robber (Demonspawn Necromancer)  Turns: 2407, Time: 00:02:34

Health: 0/24       AC:  6    Str:  8    XL:     3   Next: 89%
Magic:  2/7        EV: 11    Int: 17    God:
Gold:   94         SH:  0    Dex: 13    Spells: 1/8 levels left

rFire   . . .        h - staff of air {rElec}
rCold   . . .        (no shield)
rNeg    . . .        a - +0 robe
rPois   .            (no helmet)
rElec   +            (no cloak)
rCorr   .            (no gloves)
SInv    .            (no boots)
Will    .....        (no amulet)
Stlth   ++           f - +4 ring of protection
HPRegen 0.24/turn    (no ring)
MPRegen 0.10/turn

%: no passive effects
@: very slightly contaminated
A: powered by pain 1
a: no special abilities


You were on level 3 of the Dungeon.
You visited 1 branch of the dungeon, and saw 3 of its levels.

You collected 94 gold pieces.

Inventory:

Missiles
 Q - 19 stones
Armour
 a - a +0 robe (worn)
Magical Staves
 h - a staff of air (weapon) {rElec}
Jewellery
 f - a +4 ring of protection (left hand)
Scrolls
 c - a scroll of revelation {unknown}
 g - a scroll of identify {unknown}
 j - 2 scrolls of poison {unknown}
 l - a scroll of fog {unknown}
 m - a scroll of amnesia {unknown}
 n - a scroll of teleportation {unknown}
 o - a scroll of noise {unknown}
Potions
 b - a potion of magic
 d - a potion of berserk rage {unknown}
 e - 2 potions of cancellation {unknown}
 i - a potion of attraction {unknown}
 k - a potion of brilliance {unknown}


   Skills:
 - Level 1.7 Dodging
 - Level 1.7 Stealth
 + Level 3.1 Spellcasting
 + Level 5.2 Necromancy
 + Level 0.2 Earth Magic


You had one spell level left.
You knew the following spells:

 Your Spells              Type           Power      Damage    Failure   Level
a - Necrotise             Necr           80%        1d8       1%          1
b - Stone Arrow           Conj/Erth      6%         3d7       45%         3
x - Vampiric Draining     Necr           20%        2d7       6%          3

Your spell library contained the following spells:

 Spells                   Type           Power      Damage    Failure   Level
 Animate Dead             Necr           20%        N/A       21%         4
 Curse of Agony           Necr           20%        N/A       50%         5
 Animate Armour           Summ/Erth      6%         N/A       86%         4
 Seismic Cannonade        Alch/Erth      1%         6d4       100%        7
 Lehudib's Crystal Spear  Conj/Erth      1%         10d2      100%        8


Dungeon Overview and Level Annotations

Branches:
Dungeon (3/15)

Altars:


Innate Abilities, Weirdness & Mutations

You sometimes gain a little power by taking damage.


Message History

Nothing appears to happen.
The water moccasin skeleton barely misses you.
You now have 4/7 mp.
Unknown command.
You closely miss the water moccasin skeleton.
The water moccasin skeleton bites you.
You take 3 damage, and have 21/24 hp.
You hit the water moccasin skeleton.
The water moccasin skeleton bites you but does no damage.
The water moccasin skeleton barely misses you.
Unknown command.
You hit the water moccasin skeleton. The water moccasin skeleton bites you.
You take 3 damage, and have 18/24 hp.
You barely miss the water moccasin skeleton.
The water moccasin skeleton bites you.
You take 2 damage, and have 16/24 hp.
You hit the water moccasin skeleton.
The water moccasin skeleton barely misses you.
The water moccasin skeleton bites you.
You take 3 damage, and have 13/24 hp.
You barely miss the water moccasin skeleton.
The water moccasin skeleton bites you.
You take 1 damage, and have 12/24 hp.
Unknown command.
You hit the water moccasin skeleton.
The water moccasin skeleton bites you but does no damage.
The water moccasin skeleton bites you.
Your magical contamination has completely faded away.
You hit the water moccasin skeleton.
The water moccasin skeleton closely misses you.
Press: ? - help, Shift-Dir - straight line, f/p - water moccasin skeleton
Aim: a water moccasin skeleton (heavily damaged, 74% to hit)
You miscast Stone Arrow.
You are very lightly contaminated with residual magic.
A wave of violent energy washes through your body!
* * * LOW HITPOINT WARNING * * *
The water moccasin skeleton bites you.
* * * LOW HITPOINT WARNING * * *
The water moccasin skeleton bites you.
You die...

#######
#.....#
###..P.P#
#......ß####
#.#ß......#
# ..# #@Z#
## .## #§§§P
##.##.#....
#.§P§
##.....#


#PPP. ##......# #P...##.......# #...#.####.#.... ###.#### ## ##. #......# #
#.#.##.#######.# You could see a water moccasin skeleton.

Levels and vault maps discovered:
D:1:      ldierk_walled_garden_2, layout_basic
D:2:      layout_basic, shapermc_ecumenical_altar_ellora, dk_vineyard_2
D:3:      layout_loops_cross, serial_undead, serial_undead_b, serial_undead_c,
          serial_undead_c, serial_undead_f, serial_undead_f, serial_undead_e,
          minmay_fractal_squares_gapless_5, uniq_jessica

Notes
Turn   | Place    | Note
-------+----------+-------------------------------------------
     0 | D:1      | D0namaru the Demonspawn Necromancer began the quest for the
                  | Orb.
     0 | D:1      | Reached XP level 1. HP: 13/13 MP: 3/3
    61 | D:1      | Identified a +0 short sword
   256 | D:1      | Identified a +0 club
   280 | D:1      | HP: 2/13 [frozen (3)]
   283 | D:1      | Gained mutation: You sometimes gain a little power by
                  | taking damage. [demonic ancestry]
   283 | D:1      | Reached XP level 2. HP: 4/19 MP: 1/5
   355 | D:1      | Identified a +0 club
   472 | D:1      | Identified a +4 ring of protection
   634 | D:1      | Identified a +0 dagger
   858 | D:1      | Identified a +2 short sword of venom
   925 | D:1      | Identified a +0 dagger
  1055 | D:1      | Identified a +0 dagger
  1061 | D:1      | Identified a +0 dagger
  1133 | D:1      | Reached skill level 5 in Necromancy
  1133 | D:1      | Reached XP level 3. HP: 24/24 MP: 1/7
  1474 | D:2      | Identified a +0 short sword
  1480 | D:2      | Identified a +0 dagger
  1564 | D:2      | Reached skill level 3 in Spellcasting
  1615 | D:2      | Identified a +0 whip
  1751 | D:2      | Learned a level 3 spell: Vampiric Draining
  1755 | D:2      | Learned a level 3 spell: Stone Arrow
  1755 | D:2      | Found a faded altar of an unknown god.
  1776 | D:2      | Identified a +1 leather armour of poison resistance
  1914 | D:2      | Identified a +0 robe
  1959 | D:2      | Identified a +0 club
  2039 | D:2      | Identified a +0 club
  2113 | D:2      | Identified a +0 leather armour
  2407 | D:3      | HP: 2/24 [something (10)]
  2407 | D:3      | Slain by a water moccasin skeleton

Table legend: (Time is in decaauts)
 A = Elapsed time spent in this place.
 B = Non-inter-level travel time spent in this place.
 C = Inter-level travel time spent in this place.
 D = Time resting spent in this place.
 E = Time spent auto-exploring this place.
 F = Levels seen in this place.
 G = Mean time per level.
                   A        B        C        D        E       F      G
               +--------+--------+--------+--------+--------+-----+--------+
         Total |   2408 |   2351 |     57 |      0 |   2064 |   3 |  802.7 |
       Dungeon |   2408 |   2351 |     57 |      0 |   2064 |   3 |  802.7 |
               +--------+--------+--------+--------+--------+-----+--------+

Top non-repeatable levels by time:
     D:1: 1472 daAuts
     D:2: 874 daAuts
     D:3: 61 daAuts

Table legend:
 A = Kills in this place as a percentage of kills in the entire game.
 B = Kills by you in this place as a percentage of kills by you in the entire game.
 C = Kills by friends in this place as a percentage of kills by friends in the entire game.
 D = Other kills in this place as a percentage of other kills in the entire game.
 E = Experience gained in this place as a percentage of experience gained in the entire game.
 F = Experience gained in this place divided by the number of levels of this place that you have seen.
                   A       B       C       D       E      F
               +-------+-------+-------+-------+-------+----------------------
         Total | 100.0 | 100.0 | 100.0 |   N/A | 100.0 |  30.3
       Dungeon | 100.0 | 100.0 | 100.0 |   N/A | 100.0 |  30.3
               +-------+-------+-------+-------+-------+----------------------

Skill      XL: |  1  2  3 |
---------------+----------+-----
Necromancy     | 5 |  5.2
Spellcasting   | 3 |  3.1
Dodging        | |  1.7
Stealth        | |  1.7
Earth Magic    | |  0.2

Action                     || total
---------------------------++-------
  Melee: Unarmed           ||    15
         Staff             ||     8
   Cast: Necrotise         ||    83
 Armour: Robe              ||    37
  Dodge: Dodged            ||    25

Vanquished Creatures
  An adder (D:2)
  A dart slug (D:1)
  5 ball pythons
  5 endoplasms
  2 giant cockroaches (D:2)
  7 goblins
  A hobgoblin (D:2)
  3 jackals (D:1)
  4 kobolds
  4 quokkas
  3 bats
  2 frilled lizards
  4 rats
42 creatures vanquished.

Vanquished Creatures (collateral kills)
  An endoplasm (D:1)
  A jackal (D:1)
  A frilled lizard (D:1)
  2 kobolds (D:2)
5 creatures vanquished.

Grand Total: 47 creatures vanquished
